 Dungeon Crawl Stone Soup version 0.21.0-3-g78d12a8 (webtiles) character file.

956 letownia2 the Grappler (level 8, 0/49 HPs)
             Began as a Gargoyle Fighter on Jan 8, 2018.
             Was an Initiate of Gozag.
             Killed by divine providence
             ... invoked by an orc priest
              (13 damage)
             ... on level 5 of the Dungeon.
             The game lasted 00:10:52 (4265 turns).

letownia2 the Grappler (Gargoyle Fighter)           Turns: 4265, Time: 00:10:53

Health: 0/49       AC: 12    Str: 19    XL:     8   Next: 14%
Magic:  8/8        EV:  9    Int: 12    God:    Gozag
Gold:   954        SH:  2    Dex:  9    Spells: 7/7 levels left

rFire    . . .     SeeInvis .     - Unarmed
rCold    . . .     Gourm    .   (no shield)
rNeg     + . .     Faith    .   a - +0 scale mail
rPois    ∞         Spirit   .   (no helmet)
rElec    +         Reflect  +   (no cloak)
rCorr    .         Harm     .   (no gloves)
MR       .....                  (no boots)
Stlth    ..........             j - +2 amulet of reflection
HPRegen  0.16/turn              (no ring)
MPRegen  0.11/turn              (no ring)

@: no status effects
A: negative energy resistance 1, electricity resistance, unbreathing,
petrification resistance, rot immunity, AC +5
a: Potion Petition, Call Merchant, Bribe Branch, Renounce Religion


You were on level 5 of the Dungeon.
You worshipped Gozag.
Gozag was pleased with you.
You were not hungry.

You visited 1 branch of the dungeon, and saw 5 of its levels.
You also visited: Sewer.

You collected 977 gold pieces.
You paid 23 gold pieces to Gozag.

Inventory:

Hand Weapons
 w - a +1 dagger of holy wrath
Missiles
 o - 5 javelins (quivered)
Armour
 a - a +0 scale mail (worn)
 b - a +0 shield
Jewellery
 j - a +2 amulet of reflection (around neck)
Wands
 i - a wand of random effects (16)
Scrolls
 e - a scroll of noise {unknown}
 g - 4 scrolls of teleportation
 k - a scroll of fear {unknown}
 q - 3 scrolls of identify {unknown}
 u - a scroll of enchant weapon {unknown}
 v - 4 scrolls of fog {unknown}
 x - 3 scrolls of blinking {unknown}
 y - a scroll of enchant armour {unknown}
 z - a scroll of remove curse {unknown}
 C - 2 scrolls of magic mapping {unknown}
Potions
 c - 2 potions of might
 f - 3 potions of curing
 l - 2 potions of agility {unknown}
 m - a potion of flight {unknown}
 n - 3 potions of haste {unknown}
 p - a potion of lignification {unknown}
 r - 3 potions of heal wounds {unknown}
 s - a potion of degeneration {unknown}
 t - a potion of ambrosia {unknown}
 A - a potion of brilliance {unknown}
 B - 6 potions of magic {unknown}
Comestibles
 d - 5 rations


   Skills:
 - Level 5.2 Fighting
 - Level 3.2 Armour
 - Level 3.2 Shields
 + Level 8.5 Unarmed Combat


You had 7 spell levels left.
You didn't know any spells.

Dungeon Overview and Level Annotations

Branches:
Dungeon (5/15)
 Temple: D:4-7

Altars:
Gozag
Okawaru


Innate Abilities, Weirdness & Mutations

You are resistant to torment.
Your stone body is resilient. (AC +5)
You are immune to poison.
You resist negative energy. (rN+)
You are resistant to electric shocks. (rElec)
You can survive without breathing.
You are immune to petrification.
You are immune to rotting.


Message History

Evoke which item? (* to show all) (? for menu, Esc to quit)
Okay, then.
Evoke which item? (* to show all) (? for menu, Esc to quit)
Aiming: Random Effects
Press: ? - help, Shift-Dir - straight line, f/p - orc priest
Aim: an orc priest, wielding a dagger and wearing a scale mail (translocational energy, heavily wounded)
The fireball explodes!
The fireball engulfs the orc priest.
The orc priest is heavily wounded.
The fireball engulfs you!
* * * LOW HITPOINT WARNING * * *
The orc seems less confused.
The orc priest hits you but does no damage.
Unknown command.
Unknown command.
Unknown command.
You feel better.
The orc priest invokes the aid of Beogh against you.
Beogh smites you!
You die...
Your body crumbles into a pile of gold.

#.# #o#
#)# #.#
#.# #.#
##.#
#######..#
#@o..)o..#
#.§§.....#
#≈≈.≈≈...#
#≈≈≈)≈...#
####'≈≈..#
#≈≈≈#≈.≈.#
#≈.≈#≈≈..#
#≈≈≈+≈.≈.#
##########


You could see an orc priest and an orc.

Vanquished Creatures
  An ogre (D:5)
  2 bullfrogs (Sewer)
  A scorpion (D:5)
  2 crimson imps (D:5)
  A hound (D:5)
  A gnoll shaman (D:5)
  3 orc priests
  2 orc wizards
  A bullfrog skeleton (D:4)
  2 worker ants
  A hound zombie (D:5)
  3 gnolls (D:5)
  11 adders
  6 river rats (Sewer)
  An ooze (D:2)
  An adder skeleton (D:4)
  2 worms (D:2)
  2 leopard geckos
  16 orcs
  4 giant cockroaches
  8 goblins
  6 hobgoblins
  3 jackals (D:2)
  7 kobolds
  3 quokkas
  12 ball pythons
  7 bats
  9 frilled lizards
  A quokka skeleton (D:4)
  25 rats
144 creatures vanquished.

Notes
Turn   | Place    | Note
-------+----------+-------------------------------------------
     0 | D:1      | letownia2 the Gargoyle Fighter began the quest for the Orb.
     0 | D:1      | Reached XP level 1. HP: 14/14 MP: 1/1
   226 | D:2      | Reached skill level 3 in Unarmed Combat
   226 | D:2      | Reached XP level 2. HP: 13/19 MP: 2/2
   259 | D:2      | Reached XP level 3. HP: 17/23 MP: 3/3
   335 | D:2      | Found an opulent altar of Gozag.
   340 | D:2      | Became a worshipper of Gozag Ym Sagoz the Greedy
   441 | D:1      | Reached skill level 4 in Unarmed Combat
   598 | D:1      | Reached XP level 4. HP: 27/28 MP: 4/4
  1395 | D:3      | Reached skill level 5 in Unarmed Combat
  1453 | D:3      | Reached XP level 5. HP: 14/32 MP: 5/5
  2061 | D:3      | Found an iron altar of Okawaru.
  2392 | D:4      | Reached skill level 6 in Unarmed Combat
  2638 | D:4      | Reached XP level 6. HP: 32/37 MP: 6/6
  3023 | D:5      | Entered Level 5 of the Dungeon
  3196 | D:5      | Reached skill level 7 in Unarmed Combat
  3196 | D:5      | Reached XP level 7. HP: 14/44 MP: 7/7
  3419 | D:5      | Found a glowing drain.
  3507 | Sewer    | Entered a sewer
  3636 | Sewer    | Reached skill level 5 in Fighting
  4051 | Sewer    | Reached skill level 8 in Unarmed Combat
  4051 | Sewer    | Reached XP level 8. HP: 38/49 MP: 8/8
  4262 | D:5      | HP: 2/49 [orc priest/divine providence (16)]
  4265 | D:5      | Killed from afar by an orc priest

Skill      XL: |  1  2  3  4  5  6  7 |
---------------+----------------------+-----
Unarmed Combat | 3 4 5 6 7 8 |  8.5
Fighting       | 4 5 |  5.2
Armour         | |  3.2
Shields        | |  3.2

Action                   |  1- 3 |  4- 6 |  7- 9 || total
-------------------------+-------+-------+-------++-------
Melee: Unarmed           |   120 |   309 |   197 ||   626
       Punch             |       |    12 |     4 ||    16
Throw: Javelin           |       |       |     1 ||     1
Evoke: Wand              |       |     4 |    11 ||    15
  Use: Scroll            |       |       |     1 ||     1
       Potion            |       |       |     2 ||     2
  Eat: Ration            |       |     3 |     1 ||     4
Armor: Scale mail        |    79 |   175 |    96 ||   350
Dodge: Dodged            |    80 |   151 |    93 ||   324
Block: Other             |       |    12 |    18 ||    30
